 Dungeon Crawl Stone Soup version 0.29-a0-341-g24ffce5b50 (webtiles) character file.

Game seed: 4874211715609480762

55 HendSelp the Skirmisher (level 3, 0/20 HPs)
             Began as a Vine Stalker Fighter on Apr 20, 2022.
             Slain by a gnoll
             ... wielding a +0 flail
              (2 damage)
             ... on level 2 of the Dungeon.
             The game lasted 00:01:13 (1343 turns).

HendSelp the Skirmisher (Vine Stalker Fighter)      Turns: 1343, Time: 00:01:13

Health: 0/20       AC:  6    Str: 20    XL:     3   Next: 93%
Magic:  0/5        EV:  9    Int:  8    God:
Gold:   58         SH:  0    Dex: 13    Spells: 4/4 levels left

rFire   . . .      SeeInvis .     - Unarmed
rCold   . . .      Faith    .   (no shield)
rNeg    . . .      Spirit   +   a - +0 scale mail
rPois   .          Reflect  .   (no helmet)
rElec   .          Harm     .   (no cloak)
rCorr   .          Rampage  .   (no gloves)
Will    .....                   (no boots)
Stlth   ..........              (no amulet)
HPRegen 0.06/turn               (no ring)
MPRegen 0.09/turn               (no ring)

@: invisible (expiring)
A: fangs 2, magic shield, antimagic bite, no potion heal 2
a: no special abilities


You were on level 2 of the Dungeon.
You visited 1 branch of the dungeon, and saw 2 of its levels.

You collected 58 gold pieces.

Inventory:

Armour
 a - a +0 scale mail (worn)
 b - a +0 buckler
Potions
 c - a potion of might


   Skills:
 + Level 3.0 Fighting
 * Level 3.0 Armour
 - Level 2.6 Shields
 * Level 2.7 Unarmed Combat
 * Level 1.1 Spellcasting


You had 4 spell levels left.
You didn't know any spells.
Your spell library was empty.

Dungeon Overview and Level Annotations

Branches:
Dungeon (2/15)

Altars:


Innate Abilities, Weirdness & Mutations

You have extremely sharp teeth.
When hurt, damage is shared between your health and your magic reserves.
Your bite disrupts and absorbs the magic of your enemies.
Potions cannot restore your health.


Message History

Found a stone staircase leading up.
You now have 42 gold pieces (gained 4).
No target in view!
You now have 58 gold pieces (gained 16).
Found a stone staircase leading up.
No target in view!
Found an escape hatch in the floor.
Found a hand crossbow.
No target in view!
A gnoll comes into view. It is wielding a +0 spear.
Found a lumpy blue potion.
The gnoll shouts!
A gnoll comes into view. It is wielding a +0 flail.
A gnoll comes into view. It is wielding a +0 spear.
The gnoll shouts!
There are monsters nearby!
A bat comes into view.
The gnoll hits you from afar with a +0 spear.
There are monsters nearby!
You punch the bat!
You kill the bat!
The gnoll hits you from afar with a +0 spear!
There are monsters nearby!
The gnoll hits you with a +0 flail. The gnoll hits you with a +0 spear.
* * * LOW HITPOINT WARNING * * *
The gnoll hits you from afar with a +0 spear.
* * * LOW HITPOINT WARNING * * *
You are too injured to fight recklessly!
Unknown command.
You are too injured to fight recklessly!
Unknown command.
You are too injured to fight recklessly!
The gnoll hits you from afar with a +0 spear.
* * * LOW HITPOINT WARNING * * *
Unknown command.
You fade into invisibility!
You flicker for a moment.
It was a potion of magic.
Magic courses through your body. The gnoll hits you with a +0 flail!
You die...

#..#.........#....#
#.###.......####.>#
#.# #...<...####..#
#.# #.#...........#
#<# #.##.........##
#.# #.......###..#
#.####).รท........#
#.#.#..).......##.##
#.....#.#@.......#
###
#...)#..#g###.####
.. #.#.#.#.#.###.#
###.### #.
##.##.......#
#!....# .. ##
##g..#### #.....# ..
#...# #.....# #
#..g# #g....# #...#
#g# #...# #.#


You could see 3 gnolls.

Vanquished Creatures
  2 adders (D:2)
  3 dart slugs (D:1)
  3 bats
  3 endoplasms (D:1)
  A giant cockroach (D:1)
  4 goblins
  3 hobgoblins
  A quokka (D:1)
  2 ball pythons (D:1)
  2 frilled lizards (D:1)
  5 kobolds
  A rat (D:1)
30 creatures vanquished.

Vanquished Creatures (others)
  3 fungi (D:2)
  A plant (D:2)
4 creatures vanquished.

Grand Total: 34 creatures vanquished

Notes
Turn   | Place    | Note
-------+----------+-------------------------------------------
     0 | D:1      | HendSelp the Vine Stalker Fighter began the quest for the
                  | Orb.
     0 | D:1      | Reached XP level 1. HP: 11/11 MP: 2/2
   194 | D:1      | Reached XP level 2. HP: 9/16 MP: 3/3
   646 | D:1      | Reached XP level 3. HP: 16/19 MP: 5/5
   993 | D:2      | Reached skill level 1 in Spellcasting
  1323 | D:2      | HP: 1/20 [gnoll/+0 spear (3)]
  1343 | D:2      | Slain by a gnoll

Illustrated notes

Levels and vault maps discovered:
D:1:      eino_arrival_water_star, layout_rooms
D:2:      layout_loops_cross, shapermc_ecumenical_altar_acropolis

Skill      XL: |  1  2  3 |
---------------+----------+-----
Fighting       | 3 |  3.0
Spellcasting   | 1 |  1.1
Armour         | 3 |  3.0
Shields        | |  2.6
Unarmed Combat | |  2.7

Action                   || total
-------------------------++-------
Melee: Unarmed           ||    87
       Bite              ||    24
       Punch             ||     1
  Use: Scroll            ||     2
       Potion            ||     2
Armor: Scale mail        ||    34
Dodge: Dodged            ||    42
Block: Buckler           ||     2

Table legend: (Time is in decaauts)
 A = Elapsed time spent in this place.
 B = Non-inter-level travel time spent in this place.
 C = Inter-level travel time spent in this place.
 D = Time resting spent in this place.
 E = Time spent auto-exploring this place.
 F = Levels seen in this place.
 G = Mean time per level.
                   A        B        C        D        E       F      G
               +--------+--------+--------+--------+--------+-----+--------+
         Total |   1340 |   1330 |     10 |      0 |   1145 |   2 |  670.0 |
       Dungeon |   1340 |   1330 |     10 |      0 |   1145 |   2 |  670.0 |
               +--------+--------+--------+--------+--------+-----+--------+

Top non-repeatable levels by time:
     D:1: 978 daAuts
     D:2: 361 daAuts
